 Dungeon Crawl Stone Soup version 0.31-a0-460-g9e667d4245 (webtiles) character file.

Game seed: 14225530696164097881

5 Xavori the Trooper (level 1, -2/20 HPs)
             Began as a Djinni Chaos Knight on Aug 4, 2023.
             Was a Plaything of Xom.
             Slain by a frilled lizard (3 damage)
             ... on level 1 of the Dungeon.
             The game lasted 00:00:08 (160 turns).

Xavori the Trooper (Djinni Chaos Knight)             Turns: 160, Time: 00:00:08

Health: -2/20      AC:  5    Str: 11    XL:     1   Next: 88%
Gold:   0          EV: 11    Int: 13    God:    Xom [...*..] SH:  0 Dex: 12

rFire   + + .        a - +0 falchion (chaos)
rCold   x . .        (no shield)
rNeg    . . .        b - +2 leather armour
rPois   ∞            (no helmet)
rElec   .            (no cloak)
rCorr   .            (no gloves)
SInv    .            (boots unavailable)
Will    .....        (no amulet)
Stlth   +            (no ring)
HPRegen 0.23/turn    (no ring)
MPRegen 0.00/turn

%: infuse magic (-3 HP)
@: flying
A: sickness immunity, fire resistance 2, cold vulnerability 1, float, innate
caster, HP casting, extra vitality 1
a: Renounce Religion


You were on level 1 of the Dungeon.
You worshipped Xom.
You were a favourite toy of Xom.
You visited 1 branch of the dungeon, and saw 1 of its levels.

Inventory:

Hand Weapons
 a - a +0 falchion of chaos (weapon)
Armour
 b - a +2 leather armour (worn)
Scrolls
 c - a scroll of butterflies
 d - a scroll of enchant weapon {unknown}
Potions
 e - a potion of invisibility {unknown}


   Skills:
 + Level 3.0 Fighting
 + Level 2.6 Long Blades
 + Level 1.0 Armour
 + Level 2.1 Dodging You didn't know any spells. Your spell library was empty.

Dungeon Overview and Level Annotations

Branches:
Dungeon (1/15)

Altars:


Innate Abilities, Weirdness & Mutations

You are immune to sickness and miasma.
You are immune to poison.
Your flesh is very heat resistant. (rF++)
You are vulnerable to cold. (rC-)
You float through the air rather than walking.
You learn spells naturally, not from books.
Your magical power is your life essence.
You have superior vitality. (+4 MHP)


Message History

Unknown command.
You closely miss the hobgoblin. The quokka bites you. The hobgoblin hits you.
The goblin hits you with a +0 club. The giant cockroach bites you.
The quokka bites you but does no damage.
Unknown command.
You hit the hobgoblin but do no damage.
A frilled lizard comes into view.
The hobgoblin hits you. The goblin hits you with a +0 club.
* * * LOW HITPOINT WARNING * * *
You emit a cloud of colourful smoke!
The giant cockroach bites you.
* * * LOW HITPOINT WARNING * * *
The quokka bites you but does no damage.
You are too injured to fight recklessly!
Unknown command.
You are too injured to fight recklessly!
Unknown command.
You are too injured to fight recklessly!
Unknown command.
The frilled lizard hisses angrily.
You hit the quokka.
You feel better.
You kill the quokka!
The giant cockroach bites you but does no damage.
The goblin hits you with a +0 club.
* * * LOW HITPOINT WARNING * * *
The hobgoblin barely misses you. The giant cockroach bites you.
* * * LOW HITPOINT WARNING * * *
The goblin barely misses you. The hobgoblin barely misses you.
Found a spear.
The giant cockroach bites you.
* * * LOW HITPOINT WARNING * * *
You see here a quokka corpse.
The giant cockroach attacks as you move away!
The giant cockroach bites you but does no damage.
Unknown command.
You barely miss the giant cockroach.
The giant cockroach bites you but does no damage.
The frilled lizard bites you but does no damage.
You closely miss the giant cockroach. The giant cockroach barely misses you.
The frilled lizard bites you.
You die...

########+#
#..!......
#.........
#.........
#.......).
#g@l......
##gB.......
######§§........
#....§§§........
#.........######
#.........#
#.......### ###
#.......# #.'
#.......# #.#


You could see a giant cockroach, a hobgoblin, a goblin and a frilled lizard.

Vanquished Creatures
  A kobold (D:1)
  A quokka (D:1)
  2 ball pythons (D:1)
  A bat (D:1)
  A frilled lizard (D:1)
6 creatures vanquished.

Notes
Turn   | Place    | Note
-------+----------+-------------------------------------------
     0 | D:1      | Xavori the Djinni Chaos Knight began the quest for the Orb.
     0 | D:1      | Reached XP level 1. HP: 20/20 MP: 0/0
    24 | D:1      | XOM: divination: detect items
    48 | D:1      | XOM: divination: detect items
    82 | D:1      | XOM: enchant monster (good)
   145 | D:1      | XOM: 1-stop teleportation journey
   151 | D:1      | XOM: polymorph dart slug -> giant cockroach
   155 | D:1      | XOM: smoke on damage
   156 | D:1      | HP: 1/20 [giant cockroach (2)]
   160 | D:1      | Slain by a frilled lizard

Illustrated notes

Levels and vault maps discovered:
D:1:      nzn_arrival_crosshair, layout_basic

Action                     || total
---------------------------++-------
  Melee: Falchion          ||    20
         Punch             ||     1
   Stab: Paralysed         ||     1
 Armour: Leather armour    ||    11
  Dodge: Dodged            ||    14

Table legend: (Time is in decaauts)
 A = Elapsed time spent in this place.
 B = Non-inter-level travel time spent in this place.
 C = Inter-level travel time spent in this place.
 D = Time resting spent in this place.
 E = Time spent auto-exploring this place.
 F = Levels seen in this place.
 G = Mean time per level.
                   A        B        C        D        E       F      G
               +--------+--------+--------+--------+--------+-----+--------+
         Total |    163 |    163 |      0 |      0 |    118 |   1 |  163.0 |
       Dungeon |    163 |    163 |      0 |      0 |    118 |   1 |  163.0 |
               +--------+--------+--------+--------+--------+-----+--------+

Top non-repeatable levels by time:
     D:1: 163 daAuts
